 Dungeon Crawl Stone Soup version 0.18-a0-987-g0b0e4e7 (webtiles) character file.

73 4thArraOfDagon the Insei (level 4, -1/30 HPs)
             Began as a Demonspawn Earth Elementalist on Jan 3, 2016.
             Shot with an arrow of dispersal by a centaur (19 damage)
             ... on level 5 of the Dungeon.
             The game lasted 00:05:19 (949 turns).

4thArraOfDagon the Insei (DsEE)                      Turns: 949, Time: 00:05:19

Health: -1/30      AC:  4    Str:  8    XL:     4   Next: 8%
Magic:  7/7        EV: 12    Int: 17    God:
Gold:   98         SH:  0    Dex: 14    Spells: 1 memorised, 6 levels left

rFire  . . .     SeeInvis .     b - 122 stones
rCold  + . .     Gourm    .     a - +0 robe
rNeg   . . .     Faith    .     (no shield)
rPois  .         Spirit   .     (no helmet)
rElec  .         Dismiss  .     (no cloak)
rCorr  .         Reflect  .     (no gloves)
SustAt +         Harm     .     h - +1 pair of boots
MR     .....                    (no amulet)
Stlth  +++.......               (no ring)
                                l - ring of sustain attributes

@: not resistant to hostile enchantments, fairly stealthy
A: hooves 1, cold resistance 1, nightstalker 1
a: no special abilities


You were on level 5 of the Dungeon.
You were not hungry.

You visited 1 branch of the dungeon, and saw 5 of its levels.

You collected 98 gold pieces.

Inventory:

Missiles
 b - 122 stones (in hand)
Armour
 a - a +0 robe (worn)
 h - a +1 pair of boots (worn)
 i - a +0 ring mail
Jewellery
 l - a ring of sustain attributes (left hand)
Scrolls
 g - a scroll of recharging
 o - a scroll of remove curse
Books
 c - a book of Geomancy

   Spells                             Type                      Level
   a - Sandblast                      Earth                        1
   b - Stoneskin                      Transmutation/Earth          2
   c - Passwall                       Transmutation/Earth          3
   d - Stone Arrow                    Conjuration/Earth            3
   e - Petrify                        Transmutation/Earth          4
   f - Lee's Rapid Deconstruction     Earth                        5
Comestibles
 d - a bread ration


   Skills:
 - Level 1.7 Dodging
 - Level 1.7 Stealth
 * Level 3.3 Unarmed Combat
 - Level 2.0 Spellcasting
   Level 0.8 Transmutations
 - Level 2.6 Earth Magic


You had 6 spell levels left.
You knew the following spells:

 Your Spells              Type           Power        Failure   Level  Hunger
a - Sandblast             Erth           ##....       10%         1    #......


Dungeon Overview and Level Annotations

Branches:
Dungeon (5/15)
 Temple: D:4-7

Altars:
Okawaru


Innate Abilities, Weirdness & Mutations

You have large cloven feet.
Your flesh is cold resistant.
You are slightly more attuned to the shadows.


Message History

You swing at nothing.
You swing at nothing.
You swing at nothing.
You swing at nothing.
You swing at nothing.
You swing at nothing.
You swing at nothing.
You swing at nothing.
You swing at nothing.
You swing at nothing.
You swing at nothing.
Wield which item (- for none, * to show all)? (? for menu, Esc to quit)
b - 122 stones (in hand)
You climb downwards.
An orc and a centaur come into view.
The centaur wields a shortbow.
The centaur shoots an arrow of dispersal.
The arrow of dispersal hits you!!
Ouch! That really hurt!
You die...

......♣≈≈
##......≈≈
###.......♣
##.......o.♣
#..........♣♣
≈......
#...........≈
≈......
#.....@.....≈
♣......
.............
.......
.............
.......
..........##.
.......
..........#
.......
...c......#
#......
..........#
#......
#......
...$...


You could see a centaur and an orc (sleeping).

Vanquished Creatures
  A worker ant (D:4)
  3 adders (D:2)
  6 bats
  4 giant cockroaches
  4 goblins
  3 hobgoblins
  2 kobolds
  A giant newt (D:2)
  A rat (D:2)
25 creatures vanquished.

Notes
Turn   | Place    | Note
--------------------------------------------------------------
     0 | D:1      | 4thArraOfDagon the Demonspawn Earth Elementalist began the quest for the Orb.
     0 | D:1      | Reached XP level 1. HP: 13/13 MP: 3/3
   131 | D:1      | Reached skill level 1 in Unarmed Combat
   213 | D:1      | Gained mutation: Your flesh is cold resistant. [demonic ancestry]
   213 | D:1      | Reached XP level 2. HP: 19/19 MP: 5/5
   382 | D:2      | Gained mutation: You have large cloven feet. [demonic ancestry]
   382 | D:2      | Reached XP level 3. HP: 24/24 MP: 0/6
   463 | D:2      | Found an iron altar of Okawaru.
   659 | D:3      | Reached skill level 3 in Unarmed Combat
   758 | D:5      | Entered Level 5 of the Dungeon
   758 | D:5      | Noticed an ogre
   831 | D:4      | Gained mutation: You are slightly more attuned to the shadows. [demonic ancestry]
   831 | D:4      | Reached XP level 4. HP: 3/30 MP: 0/7
   949 | D:5      | Noticed a centaur
   949 | D:5      | Shot with an arrow of dispersal by a centaur

Vault maps used:
D:1:      lightli_arrival_farm
D:2:      kennysheep_okawaru_gauntlet
D:3:      old_standard_altar, first_bread
D:4:      kennysheep_spiral_hall, kennysheep_little_box,
          minmay_temple_entry_statues, uniq_duvessa
D:5:      nicolae_overflow_crystal_walls, marbit_many_paths,
          serial_bayou_ford_a, roderic_nine_men_s_morris,
          nicolae_ru_great_annihilating_truth

Action                   |  1- 3 |  4- 6 || total
-------------------------+-------+-------++-------
Melee: Unarmed           |    91 |       ||    91
 Cast: Sandblast         |    28 |       ||    28
  Use: Scroll            |     5 |       ||     5
       Potion            |     3 |       ||     3
 Stab: Sleeping          |     1 |       ||     1
  Eat: Fruit             |       |     2 ||     2
